 Dungeon Crawl Stone Soup version 0.23.2-40-g277498a001 (webtiles) character file.

Game seed: 7791120695664070017

22830 FishyPogo the Spear-Bearer (level 13, 0/90 HPs)
             Began as a Merfolk Skald on Sept 28, 2019.
             Was an Elder of Hepliaklqana.
             Slain by a troll (11 damage)
             ... on level 1 of the Orcish Mines.
             The game lasted 01:14:47 (12887 turns).

FishyPogo the Spear-Bearer (Merfolk Skald)         Turns: 12887, Time: 01:14:47

Health: 0/90       AC: 11    Str: 15    XL:     13   Next: 2%
Magic:  14/19      EV: 15    Int: 14    God:    Hepliaklqana [****..]
Gold:   1276       SH:  0    Dex: 17    Spells: 1/18 levels left

rFire    + . .     SeeInvis .   a - +5 glaive (venom)
rCold    . . .     Gourm    .   (shield currently unavailable)
rNeg     . . .     Faith    .   M - +2 ring mail {rF+}
rPois    .         Spirit   .   (no helmet)
rElec    .         Reflect  .   (no cloak)
rCorr    .         Harm     .   e - +2 pair of gloves
MR       +....                  (no boots)
Stlth    +.........             (no amulet)
HPRegen  0.25/turn              t - +4 ring of dexterity
MPRegen  0.16/turn              C - ring of protection from magic

@: no status effects
A: change form in water, swift swim, stealthy swim, reduced essence
a: Recall Ancestor, Ancestor Identity, Transference, Idealise, Renounce Religion


You were on level 1 of the Orcish Mines.
You worshipped Hepliaklqana.
Hepliaklqana was greatly pleased with you.
You were not hungry.

You visited 3 branches of the dungeon, and saw 15 of its levels.

You collected 1276 gold pieces.

Inventory:

Hand Weapons
 a - a +5 glaive of venom (weapon)
 A - a +3 scythe
 B - a cursed +2 trident of piercing
Missiles
 f - 416 stones (quivered)
 m - a throwing net
 H - 3 javelins
 P - 12 tomahawks
Armour
 e - a +2 pair of gloves (worn)
 l - a +0 buckler of poison resistance
 y - a +2 robe of magic resistance
 E - a +1 ring mail of cold resistance
 F - the +0 scale mail of Leetz {*Contam +Fly rPois MR++}
   (You found it on level 7 of the Dungeon)

   It protects you from poison.
   It affects your resistance to hostile enchantments.
   It lets you fly.
   It causes magical contamination when unequipped.
 K - a +1 chain mail of positive energy
 M - a +2 ring mail of fire resistance (worn)
 Y - a +1 leather armour of positive energy
Magical Staves
 r - an uncursed staff of cold
 I - an uncursed staff of conjuration
 L - an uncursed staff of power
Jewellery
 b - the amulet "Faruno" {Faith rPois rF+ MR- Dex+9, unknown}
   (You found it on level 12 of the Dungeon)

   [amulet of faith]

   It allows you to gain divine favour quickly.
   It affects your dexterity (+9).
   It protects you from fire.
   It protects you from poison.
   It affects your resistance to hostile enchantments.
 t - a +4 ring of dexterity (left hand)
 w - a +2 ring of protection
 C - a ring of protection from magic (right hand)
 J - an uncursed ring of protection from cold
 U - an uncursed ring of fire
 V - an uncursed ring of protection from cold
Wands
 c - a wand of digging (7)
 o - a wand of iceblast (8)
 x - a wand of random effects (31)
 D - a wand of acid (16)
 G - a wand of scattershot (3)
 O - a wand of paralysis (12)
 W - a wand of flame (13)
Scrolls
 g - 12 scrolls of remove curse
 h - 2 scrolls of enchant weapon
 k - a scroll of amnesia
 n - 4 scrolls of identify
 p - 6 scrolls of teleportation
 s - 2 scrolls of magic mapping
 u - 2 scrolls of blinking
Potions
 i - a potion of invisibility {unknown}
 j - 3 potions of brilliance
 q - 4 potions of curing
 v - 4 potions of might
 z - a potion of flight {unknown}
 N - 2 potions of haste
 Q - 3 potions of cancellation {unknown}
 R - a potion of agility {unknown}
Comestibles
 d - 30 rations
 S - 3 chunks of flesh


   Skills:
 + Level 9.4 Fighting
 - Level 11.7 Polearms
 - Level 5.0 Armour
 - Level 7.0 Dodging
 - Level 1.0 Stealth
 - Level 4.0 Shields
 - Level 3.0 Spellcasting
 - Level 5.1 Hexes
 - Level 9.0 Charms
 - Level 6.0 Summonings
 * Level 5.0 Ice Magic
 * Level 8.0 Invocations
 - Level 6.0 Evocations


You had one spell level left.
You knew the following spells:

 Your Spells              Type           Power        Failure   Level  Hunger
c - Summon Ice Beast      Ice/Summ       ###.....     38%         4    #####..
d - Infusion              Chrm           ####         1%          1    #......
e - Regeneration          Chrm/Necr      ##........   19%         3    ###....
f - Shroud of Golubria    Chrm/Tloc      ##........   10%         2    ##.....
g - Spectral Weapon       Hex/Chrm       ###.....     6%          3    ###....
h - Song of Slaying       Chrm           ####....     1%          2    ##.....
j - Call Imp              Summ           ###.....     4%          2    ##.....

Your spell library contained the following spells:

 Spells                   Type           Power        Failure   Level  Hunger
 Summon Small Mammal      Summ           ###.         3%          1    #......
 Confusing Touch          Hex            ###...       4%          1    #......
 Animate Skeleton         Necr           N/A          36%         1    #......
 Apportation              Tloc           #.....       36%         1    #......
 Beastly Appendage        Tmut           #.....       36%         1    #......
 Sandblast                Erth           #.....       36%         1    #......
 Call Canine Familiar     Summ           ###.....     10%         3    ###....
 Summon Guardian Golem    Hex/Summ       ###.....     12%         3    ###....
 Passwall                 Tmut/Erth      #.......     52%         2    ##.....
 Sticks to Snakes         Tmut           #.......     52%         2    ##.....
 Spider Form              Tmut/Pois      #.........   75%         3    ###....
 Stone Arrow              Conj/Erth      #.....       75%         3    ###....
 Summon Lightning Spire   Summ/Air       ##......     75%         4    #####..
 Ice Form                 Ice/Tmut       #.......     80%         4    #####..
 Petrify                  Tmut/Erth      #.......     98%         4    #####..
 Blade Hands              Tmut           #.........   100%        5    ######.
 Lee's Rapid Deconstruct  Erth           #.........   100%        5    ######.


Dungeon Overview and Level Annotations

Branches:
Dungeon (13/15)            Temple (1/1) D:6            Lair (0/6) D:10
    Orc (1/2) D:10         Vaults (0/5) D:13

Altars:
Ashenzari
Cheibriados
Dithmenos
Elyvilon
Fedhas
Gozag
Hepliaklqana
Kikubaaqudgha
Nemelex Xobeh
Okawaru
Qazlal
Ru
Sif Muna
Trog
Uskayaw
Vehumet
Xom
Zin

Annotations:
D:12 2 transporters, Glamhuggeren's ghost, journeyman MiFi


Message History

Atia hits the troll with a +0 dagger of draining.
The warg bites you.
Unknown command.
You hit the warg but do no damage.
The warg is poisoned.
The troll bites Atia!
Atia is destroyed!
The warg bites you!
Casting: Spectral Weapon (safe; 6% risk of failure)
Confirm with . or Enter, or press ? or * to list all spells.
You draw out your weapon's spirit!
The warg bites you! The warg closely misses you.
You slash the warg!
The warg looks as sick as possible!
The warg is heavily wounded.
Your spectral weapon barely misses the warg.
The troll misses you. The troll claws you but does no damage.
The troll claws you!
* * * LOW HITPOINT WARNING * * *
The warg closely misses you. The troll bites you!
* * * LOW HITPOINT WARNING * * *
The troll misses you. The troll claws you!
You die...

.......##...###
#.............#
##...........#
#...........# ###
#..........###.##
#...$...........##
.......#..........#
.....##..h.......##
.T.. #.#.T@....<#.#
... ####.(........#
.. ###.....#.## .
.........##
.....##.##
....#.### ..#####
.#


You could see a troll, a warg and a friendly spectral +5 glaive of venom.

Vanquished Creatures
  A death knight (D:7)
  6 death yaks (D:10)
  4 two-headed ogres
  A wizard (D:13)
  The ghost of bildradio the Skirmisher, a novice GrFi of Wu Jian (D:8)
  The ghost of dives the Slasher, a novice MiFi of Hepliaklqana (D:6)
  A manticore (D:11)
  An ugly thing (D:11)
  A deep elf mage (D:10)
  A komodo dragon (D:10)
  A kobold demonologist (D:13)
  A troll (D:7)
  Prince Ribbit (D:7)
  A hornet (D:12)
  3 hippogriffs
  A spriggan (D:7)
  Sigmund (D:6)
  A wyvern (D:6)
  A yak (D:7)
  2 steam dragons (D:10)
  3 hungry ghosts
  A vampire mosquito (D:7)
  Edmund (D:6)
  An acid dragon (D:11)
  Duvessa (D:6)
  A soldier ant (D:11)
  14 orc warriors
  A water moccasin (D:12)
  3 phantoms
  A necrophage (D:12)
  4 ice beasts
  7 sky beasts
  3 ogres
  3 centaurs
  A big kobold (D:10)
  Blork the orc (D:6)
  8 bullfrogs
  Dowan (D:6)
  4 scorpions
  9 killer bees
  10 howler monkeys
  2 crimson imps
  2 bullfrog zombies
  6 hounds
  3 centaur skeletons
  4 jellies
  14 orc priests
  2 bullfrog skeletons
  4 iguanas
  27 orc wizards
  5 worker ants
  A centaur simulacrum (D:8)
  A hound zombie (D:11)
  A hound skeleton (D:4)
  3 worker ant zombies
  A gnoll (D:7)
  9 adders
  5 shadow imps
  A spectral adder (D:8)
  2 adder zombies
  5 adder skeletons
  2 worms
  A dart slug (D:5)
  An adder simulacrum (D:8)
  2 leopard geckos
  78 orcs
  7 giant cockroaches
  9 goblins
  7 hobgoblins
  4 jackals
  15 kobolds
  6 quokkas
  2 ball pythons
  6 bats
  4 frilled lizards
  A leopard gecko skeleton (D:5)
  A quokka zombie (D:5)
  9 rats
  A fungus (D:10)
363 creatures vanquished.

Vanquished Creatures (collateral kills)
  A two-headed ogre (D:13)
  Nergalle (D:12)
  A troll (D:11)
  2 orc warriors
  A sky beast (D:8)
  2 ogres
  A crocodile (D:8)
  2 centaurs
  3 wights (D:11)
  A howler monkey (D:10)
  An orc priest (D:10)
  2 orc wizards
  2 hounds
  2 worker ants (D:10)
  A hound skeleton (D:11)
  An adder (D:6)
  An ooze (D:7)
  A leopard gecko (D:6)
  21 orcs
  A quokka skeleton (D:7)
48 creatures vanquished.

Vanquished Creatures (others)
  6 ancestors
  10 hexers
  An orc wizard (D:7)
  5 fungi (D:10)
  18 spectral weapons
40 creatures vanquished.

Grand Total: 451 creatures vanquished

Notes
Turn   | Place    | Note
-------+----------+-------------------------------------------
     0 | D:1      | FishyPogo the Merfolk Skald began the quest for the Orb.
     0 | D:1      | Reached XP level 1. HP: 16/16 MP: 3/3
   359 | D:1      | Reached XP level 2. HP: 21/22 MP: 5/5
   703 | D:1      | Reached skill level 1 in Armour
  1012 | D:2      | Reached XP level 3. HP: 28/28 MP: 6/6
  1041 | D:2      | Learned a level 3 spell: Regeneration
  1906 | D:3      | Reached XP level 4. HP: 26/34 MP: 3/7
  2318 | D:3      | Noticed a sky beast
  2333 | D:3      | Killed a sky beast
  2333 | D:3      | Reached skill level 4 in Polearms
  2333 | D:3      | Reached XP level 5. HP: 13/41 MP: 6/8
  2868 | D:4      | Noticed an ice beast
  2874 | D:3      | Learned a level 2 spell: Shroud of Golubria
  2940 | D:5      | Entered Level 5 of the Dungeon
  2982 | D:5      | Noticed an ice beast
  3026 | D:4      | Killed an ice beast
  3026 | D:4      | Reached skill level 5 in Polearms
  3026 | D:4      | Reached XP level 6. HP: 48/48 MP: 5/10
  3180 | D:4      | Reached XP level 7. HP: 32/54 MP: 7/11
  3185 | D:4      | Reached skill level 5 in Charms
  3189 | D:4      | Reached skill level 6 in Polearms
  3295 | D:4      | Reached skill level 5 in Dodging
  3829 | D:4      | Reached skill level 7 in Polearms
  3829 | D:4      | Reached XP level 8. HP: 37/61 MP: 8/12
  3889 | D:4      | Learned a level 3 spell: Spectral Weapon
  4026 | D:5      | Reached skill level 5 in Fighting
  4026 | D:5      | Reached skill level 1 in Stealth
  4054 | D:5      | Reached skill level 1 in Hexes
  4134 | D:5      | Reached skill level 8 in Polearms
  4312 | D:5      | Found a bloodstained altar of Trog.
  4735 | D:5      | Reached XP level 9. HP: 61/68 MP: 9/13
  4760 | D:6      | Found a transporter.
  4760 | D:6      | Noticed dives's ghost (novice MiFi)
  4761 | D:6      | Found a transporter.
  4854 | D:6      | Reached skill level 9 in Polearms
  4870 | D:6      | Noticed Blork the orc
  4876 | D:6      | Killed Blork the orc
  4878 | D:6      | Noticed Duvessa
  4882 | D:6      | Killed Duvessa
  4883 | D:6      | Noticed Dowan
  4888 | D:6      | Killed Dowan
  4978 | D:6      | Noticed Sigmund
  5018 | D:6      | Killed Sigmund
  5026 | D:6      | Noticed Edmund
  5028 | D:6      | Found a staircase to the Ecumenical Temple.
  5033 | D:6      | Killed Edmund
  5047 | Temple   | Entered the Ecumenical Temple
  5102 | Temple   | Became a worshipper of Hepliaklqana the Forgotten
  5840 | D:6      | Learned a level 2 spell: Song of Slaying
  6107 | D:7      | Got a jewelled scale mail
  6118 | D:7      | Identified the +0 scale mail of Leetz {*Contam +Fly rPois
                  | MR++} (You found it on level 7 of the Dungeon)
  6182 | D:7      | Reached skill level 10 in Polearms
  6185 | D:7      | Reached XP level 10. HP: 21/69 MP: 6/14
  6397 | D:7      | Noticed a death knight
  6455 | D:7      | Killed a death knight
  6455 | D:7      | Reached skill level 5 in Hexes
  6571 | D:7      | HP: 2/71 [troll (6)]
  6631 | D:7      | Got a slimy leather armour
  6642 | D:7      | Identified the +1 leather armour "Mussut" {Int+2} (You
                  | found it on level 7 of the Dungeon)
  6811 | D:7      | Reached * piety under Hepliaklqana
  6823 | D:7      | Learned a level 2 spell: Call Imp
  6828 | D:7      | Noticed Prince Ribbit
  6837 | D:7      | Killed Prince Ribbit
  6839 | D:7      | Reached skill level 1 in Invocations
  6876 | D:7      | Reached skill level 1 in Evocations
  6888 | D:7      | Reached skill level 1 in Summonings
  7277 | D:8      | Found a runed translucent gate.
  7277 | D:8      | Found a runed translucent gate.
  7277 | D:8      | Found a runed translucent gate.
  7277 | D:8      | Noticed bildradio's ghost (novice GrFi)
  7513 | D:8      | Noticed a two-headed ogre
  7525 | D:8      | Killed a two-headed ogre
  7525 | D:8      | Reached XP level 11. HP: 63/77 MP: 11/15
  7630 | D:8      | Reached ** piety under Hepliaklqana
  7631 | D:8      | Remembered your ancestor Atia as a hexer
  7901 | D:8      | Reached skill level 11 in Polearms
  8091 | D:6      | Killed dives's ghost
  8315 | D:9      | Found an ancient bone altar of Kikubaaqudgha.
  8315 | D:9      | Found a sparkling altar of Nemelex Xobeh.
  8316 | D:9      | Found a shattered altar of Ashenzari.
  8565 | D:9      | You fall through a shaft for 2 floors!
  8607 | D:10     | Entered Level 10 of the Dungeon
  8622 | D:10     | Reached skill level 1 in Shields
  8691 | D:9      | Found a snail-covered altar of Cheibriados.
  8843 | D:10     | Found a shimmering altar of Xom.
  9030 | D:10     | Noticed a death yak
  9041 | D:10     | Killed a death yak
  9041 | D:10     | Noticed a death yak
  9041 | D:10     | Noticed a death yak
  9050 | D:10     | Noticed a death yak
  9052 | D:10     | Found a staircase to the Lair.
  9053 | D:10     | Noticed a death yak
  9056 | D:10     | Noticed a death yak
  9061 | D:10     | Noticed a deep elf mage
  9067 | D:10     | Killed a deep elf mage
  9194 | D:10     | Found a staircase to the Orcish Mines.
  9375 | D:10     | Killed a death yak
  9375 | D:10     | Reached skill level 5 in Invocations
  9382 | D:10     | Killed a death yak
  9382 | D:10     | Reached XP level 12. HP: 65/84 MP: 0/16
  9407 | D:10     | Killed a death yak
  9539 | D:10     | Killed a death yak
  9539 | D:10     | Reached skill level 5 in Summonings
  9539 | D:10     | Reached skill level 5 in Evocations
  9811 | D:10     | Noticed a two-headed ogre
  9819 | D:10     | Killed a two-headed ogre
  9860 | D:10     | Reached *** piety under Hepliaklqana
 10036 | D:10     | Killed a death yak
 10100 | D:10     | Learned a level 4 spell: Summon Ice Beast
 10175 | D:11     | Reached skill level 5 in Armour
 10700 | D:11     | Reached skill level 1 in Ice Magic
 11174 | D:12     | Noticed a two-headed ogre
 11179 | D:12     | Killed a two-headed ogre
 11197 | D:12     | Reached **** piety under Hepliaklqana
 11254 | D:12     | Got a bound sapphire amulet
 11352 | D:12     | Found a transporter.
 11355 | D:12     | Noticed Glamhuggeren's ghost (journeyman MiFi)
 11355 | D:12     | Noticed a two-headed ogre
 11356 | D:12     | Noticed a two-headed ogre
 11356 | D:12     | Noticed a two-headed ogre
 11357 | D:12     | Noticed a two-headed ogre
 11357 | D:12     | Noticed a two-headed ogre
 11360 | D:12     | Found a transporter.
 11387 | D:12     | Found a sacrificial altar of Ru.
 11416 | D:12     | Noticed Nergalle
 11420 | D:12     | Killed Nergalle
 12234 | D:8      | Killed bildradio's ghost
 12572 | D:11     | You fall through a shaft!
 12650 | D:13     | Noticed a two-headed ogre
 12654 | D:13     | Killed a two-headed ogre
 12655 | D:13     | Noticed a two-headed ogre
 12665 | D:13     | Killed a two-headed ogre
 12665 | D:13     | Reached XP level 13. HP: 33/90 MP: 10/19
 12676 | D:13     | Found a gate to the Vaults.
 12680 | D:13     | Reached skill level 5 in Ice Magic
 12731 | D:13     | HP: 4/90 [wyvern (15)]
 12861 | Orc:1    | Entered Level 1 of the Orcish Mines
 12887 | Orc:1    | Slain by a troll

Skill      XL: |  1  2  3  4  5  6  7  8  9 10 11 12 13 |
---------------+----------------------------------------+-----
Dodging        | 3 4 5 6 7 |  7.0
Armour         | 1 2 4 5 |  5.0
Fighting       | 3 4 5 6 8 9 |  9.4
Polearms       | 4 5 7 8 10 11 | 11.7
Charms         | 4 5 7 8 9 |  9.0
Spellcasting   | 3 |  3.0
Stealth        | 1 |  1.0
Hexes          | 2 4 5 |  5.1
Invocations    | 3 5 8 |  8.0
Evocations     | 2 4 6 |  6.0
Summonings     | 2 4 6 |  6.0
Shields        | 3 4 |  4.0
Ice Magic      | 4 5 |  5.0

Action                   |  1- 3 |  4- 6 |  7- 9 | 10-12 | 13-15 || total
-------------------------+-------+-------+-------+-------+-------++-------
Melee: Spear             |   178 |    14 |       |       |       ||   192
       Glaive            |       |    61 |   192 |   439 |    17 ||   709
Throw: Stone             |       |    14 |     3 |     3 |     2 ||    22
 Cast: Infusion          |    12 |    11 |    10 |    10 |       ||    43
       Regeneration      |     1 |       |       |    13 |     3 ||    17
       Shroud of Golubri |       |     1 |     6 |     7 |     1 ||    15
       Spectral Weapon   |       |       |    23 |    77 |     3 ||   103
       Song of Slaying   |       |       |     1 |     8 |       ||     9
       Call Imp          |       |       |       |     8 |     1 ||     9
Invok: Recall Ancestor   |       |       |       |     4 |       ||     4
       Ancestor Life: He |       |       |       |     1 |       ||     1
 Abil: Evoke Flight      |       |       |     1 |       |       ||     1
  Use: Potion            |       |       |     4 |     2 |     1 ||     7
       Scroll            |       |       |       |    14 |     1 ||    15
 Stab: Sleeping          |     1 |     1 |     4 |       |       ||     6
       Distracted        |       |       |       |     7 |       ||     7
       Confused          |       |       |       |     5 |       ||     5
  Eat: Chunk             |     4 |     4 |    15 |    31 |     2 ||    56
       Ration            |       |       |       |     1 |       ||     1
Armor: Leather armour    |    43 |    21 |    33 |       |       ||    97
       Skin              |       |       |     5 |       |       ||     5
       Scale mail        |       |       |     6 |     6 |       ||    12
       Ring mail         |       |       |       |    65 |     6 ||    71
Dodge: Dodged            |    93 |    46 |   100 |   193 |     5 ||   437
